 Dungeon Sprint DCSS version 0.18-a0-1577-gf591c28 (webtiles) character file.

807 pipel the Cleaver (level 7, -12/78 HPs)
             Began as a Deep Dwarf Berserker on Mar 17, 2016.
             Was an Elder of Trog.
             Killed from afar by a deep elf mage (28 damage)
             ... with a bolt of negative energy
             ... in the Dungeon (Sprint VII: "The Pits").
             The game lasted 00:03:10 (184 turns).

pipel the Cleaver (Deep Dwarf Berserker)             Turns: 184, Time: 00:03:11

Health: -12/78     AC:  2    Str: 23    XL:     7   Next: 60%
Magic:  7/7        EV: 16    Int:  7    God:    Trog [****..]
Gold:   0          SH:  0    Dex: 12    Spells: 0 memorised, 6 levels left

rFire  . . .     SeeInvis .     a - +2 hand axe
rCold  . . .     Gourm    .     b - +0 animal skin
rNeg   . . .     Faith    .     (no shield)
rPois  .         Spirit   .     (no helmet)
rElec  .         Dismiss  .     (no cloak)
rCorr  .         Reflect  .     (no gloves)
SustAt .         Harm     .     (no boots)
MR     +....     NoTele   +     (no amulet)
Stlth  +.........               (no ring)
                                (no ring)

@: exhausted, non-regenerating, drained, somewhat resistant to hostile
enchantments, very unstealthy
A: damage resistance, recharge devices, sense surroundings 1, slow regeneration
3
a: Device Recharging, Berserk, Trog's Hand, Brothers in Arms, Burn Spellbooks,
Renounce Religion


You were in the Dungeon.
You worshipped Trog.
Trog was greatly pleased with you.
You were not hungry.

You visited 1 branch

Inventory:

Hand Weapons
 a - a +2 hand axe (weapon)
 k - a +0 hand axe
Missiles
 o - 7 stones (quivered)
Armour
 b - a +0 animal skin (worn)
Magical Staves
 p - an uncursed staff of energy
Wands
 c - a wand of heal wounds (4/9)
Scrolls
 j - a scroll of blinking
 q - 3 scrolls of remove curse
 r - a scroll of summoning
Potions
 e - a potion of curing
 f - a potion of heal wounds
 g - a potion of haste
 h - 4 potions of magic
 i - 3 potions of berserk rage
 n - 2 potions of invisibility
Comestibles
 d - 8 bread rations
 l - 40 fruits
 m - 7 meat rations


   Skills:
 + Level 9.7(9.0) Fighting
 + Level 11.3(10.5) Axes
 - Level 0.5(0.0) Throwing
 + Level 5.0(4.4) Armour
 + Level 8.9(8.2) Dodging


You had 6 spell levels left.
You didn't know any spells.

Dungeon Overview and Level Annotations

Branches:
Dungeon (1/1)

Altars:


Innate Abilities, Weirdness & Mutations

You are resistant to damage.
You can recharge devices by infusing magical energy.
You passively map a small area around you.
You do not regenerate naturally.


Message History

You barely miss the deep elf mage.
The deep elf mage is moderately wounded.
You barely miss the sky beast.
The sky beast is almost dead.
Unknown command.
You closely miss the deep elf mage.
The deep elf mage is moderately wounded.
You hit the sky beast.
You kill the sky beast!
Trog accepts your kill.
You can now call in reinforcements.
The deep elf mage hits you with a rapier.
You take 1 damage, and have 34/78 hp.
You hit the deep elf mage.
The deep elf mage is moderately wounded.
You hit the ice devil but do no damage. The ice devil hits you.
The ice devil freezes you!!
* * * LOW HITPOINT WARNING * * *
The deep elf mage gestures at you while chanting.
The bolt of negative energy hits you!
You feel drained.
You die...

#.#
#...<...# ,
#.# ,,,
#.......# *
#.# ,,
#.......#
#'#########
#.......# ,
#..#.#.##..
#########*,
,
#.......#.#
* * * * *
##.#)#.##r#
, , , ,
#.......#4#
,*
##.#.#.##@+
,
#.......#e#
, *
##.#.#..ss#
,
##########*
*


You could see a demonic crawler, an ice devil, a deep elf mage, a jumping spider
and a rat.

Vanquished Creatures
  A deep elf mage (D)
  A sky beast (D)
  A phantom (D)
  A centaur (D)
  A scorpion (D)
  A crimson imp (D)
  A quasit (D)
  An adder (D)
  A giant eyeball (D)
  An ooze (D)
  A giant gecko skeleton (D)
11 creatures vanquished.

Notes
Turn   | Place    | Note
--------------------------------------------------------------
     0 | D        | pipel the Deep Dwarf Berserker began the quest for the Orb.
     0 | D        | Reached XP level 1. HP: 20/20 MP: 1/1
    12 | D        | Reached skill level 4 in Axes
    12 | D        | Reached XP level 2. HP: 26/28 MP: 2/2
    64 | D        | Paralysed by a giant eyeball for 3 turns
    72 | D        | Reached ** piety under Trog
    73 | D        | Noticed a crimson imp
    76 | D        | Noticed a phantom
    77 | D        | Noticed a deep elf mage
    95 | D        | Killed a crimson imp
    95 | D        | Reached skill level 5 in Axes
    95 | D        | Reached XP level 3. HP: 29/37 MP: 3/3
    97 | D        | Killed a deep elf mage
    97 | D        | Reached *** piety under Trog
    97 | D        | Reached skill level 10 in Axes
    97 | D        | Reached XP level 4. HP: 33/54 MP: 4/4
    97 | D        | Reached XP level 5. HP: 37/61 MP: 5/5
    97 | D        | Reached XP level 6. HP: 41/68 MP: 6/6
   103 | D        | Reached XP level 7. HP: 42/76 MP: 7/7
   161 | D        | Reached skill level 5 in Armour
   163 | D        | Noticed a deep elf mage
   168 | D        | Noticed a ynoxinul
   169 | D        | Reached skill level 11 in Axes
   179 | D        | Noticed an ice devil
   181 | D        | Noticed a demonic crawler
   183 | D        | Noticed a jumping spider
   183 | D        | Reached **** piety under Trog
   184 | D        | Killed from afar by a deep elf mage

Vault maps used:
D:        pitsprint

Skill      XL: |  1  2  3  4  5  6  7 |
---------------+----------------------+-----
Fighting       | 3 4 8 9 |  9.7
Axes           | 4 5 10 11 | 11.3
Dodging        | 4 7 8 |  8.9
Armour         | 3 4 5 |  5.0
Throwing       | |  0.5

Action                   |  1- 3 |  4- 6 |  7- 9 || total
-------------------------+-------+-------+-------++-------
Melee: Hand axe          |    24 |     3 |    33 ||    60
Throw: Stone             |    10 |       |       ||    10
Invok: Berserk           |     1 |       |     1 ||     2
       Trog's Hand       |     1 |       |     1 ||     2
Evoke: Wand              |       |       |     1 ||     1
